 Dungeon Crawl Stone Soup version 0.30-b1-2-g02819fbbbe (webtiles) character file.

Game seed: 14364463876209045198

10394 Arzdou the Basher (level 11, 0/72 HPs)
             Began as a Gargoyle Cinder Acolyte on May 15, 2023.
             Was an Elder of Ignis.
             Slain by a skyshark (5 damage)
             ... on level 1 of the Lair of Beasts.
             The game lasted 00:21:37 (10375 turns).

Arzdou the Basher (Gargoyle Cinder Acolyte)        Turns: 10375, Time: 00:21:38

Health: 0/72       AC: 22    Str: 22    XL:     11   Next: 61%
Magic:  6/12       EV:  8    Int: 20    God:    Ignis [****..]
Gold:   180        SH: 11    Dex:  5    Spells: 10/12 levels left

rFire   + + .        I - +2 whip "Lacertilian's Funeral" {speed, Int+5}
rCold   . . .        p - +0 tower shield
rNeg    + . .        C - +0 steam dragon scales
rPois   ∞            z - +1 helmet
rElec   +            H - +0 cloak
rCorr   .            L - +0 pair of gloves
SInv    .            h - +0 pair of boots
Will    .....        B - amulet of magic regeneration
Stlth   +            t - ring of protection from cold
HPRegen 0.32/turn    w - ring of fire
MPRegen 0.53/turn

%: no passive effects
@: weak-willed, very slightly contaminated, studying Stealth
A: sickness immunity, AC +8, negative energy resistance 1, electricity
resistance, torment resistance 1, petrification resistance
a: Renounce Religion, Fiery Armour, Foxfire Swarm, Rising Flame


You were on level 1 of the Lair of Beasts.
You worshipped Ignis.
Ignis was greatly pleased with you.
You visited 2 branches of the dungeon, and saw 12 of its levels.

You collected 777 gold pieces.
You spent 597 gold pieces at shops.

Inventory:

Hand Weapons
 e - the +3 spear of Tomorrow {freeze, rElec rCorr Str+3}
   (You bought it in a shop on level 7 of the Dungeon)

   Str:       It affects your strength (+3).
   rElec:     It insulates you from electricity.
   rCorr:     It protects you from acid and corrosion.
 I - the +2 whip "Lacertilian's Funeral" (weapon) {speed, Int+5}
   (You found it on level 7 of the Dungeon)

   Int:       It affects your intelligence (+5).
Armour
 h - a +0 pair of boots (worn)
 p - a +0 tower shield (worn)
 z - a +1 helmet (worn)
 C - +0 steam dragon scales (worn)
 H - a +0 cloak (worn)
 L - a +0 pair of gloves (worn)
 R - a +0 chain mail
Jewellery
 t - a ring of protection from cold (left hand)
 w - a ring of fire (right hand)
 x - a ring of protection from cold
 B - an amulet of magic regeneration (around neck)
 E - a ring of flight
 J - a +6 ring of dexterity
 O - a ring of resist corrosion
 T - a ring of see invisible
 V - a ring of fire
Wands
 l - a wand of flame (10)
 y - a wand of roots (24)
 N - a wand of quicksilver (9)
 P - a wand of mindburst (13)
Scrolls
 c - 3 scrolls of teleportation
 f - 2 scrolls of noise
 i - 3 scrolls of immolation {unknown}
 j - 4 scrolls of enchant armour
 m - a scroll of torment {unknown}
 s - 5 scrolls of enchant weapon
 u - 2 scrolls of amnesia {unknown}
 v - a scroll of summoning {unknown}
 K - a scroll of brand weapon {unknown}
 Q - a scroll of blinking
 U - a scroll of magic mapping
Potions
 b - a potion of ambrosia {unknown}
 d - a potion of magic {unknown}
 k - 2 potions of invisibility
 n - a potion of curing
 o - 2 potions of brilliance
 A - 2 potions of might
 D - 4 potions of haste
 F - a potion of lignification
 G - 2 potions of mutation
 M - a potion of flight {unknown}
 S - a potion of attraction


   Skills:
 - Level 10.0 Fighting
 + Level 11.3 Maces & Flails
 - Level 10.0 Armour
 + Level 5.9 Shields
 - Level 1.2 Spellcasting
 + Level 5.3 Fire Magic


You had 10 spell levels left.
You knew the following spells:

 Your Spells              Type           Power      Damage    Failure   Level
a - Scorch                Fire           66%        2d8       16%         2

Your spell library contained the following spells:

 Spells                   Type           Power      Damage    Failure   Level
 Sting                    Tmut/Pois      4%         1d3       67%         1
 Inner Flame              Hex/Fire       17%        N/A       67%         3
 Ensorcelled Hibernation  Hex/Ice        2%         N/A       80%         2
 Passwall                 Tmut/Erth      0%         N/A       80%         2
 Poisonous Vapours        Pois/Air       2%         N/A       80%         2
 Call Canine Familiar     Summ           1%         N/A       95%         3
 Portal Projectile        Hex/Tloc       2%         N/A       95%         3
 Swiftness                Air            1%         N/A       95%         3
 Flame Wave               Conj/Fire      17%        2d7       97%         4
 Sticky Flame             Conj/Fire      17%        2d4       97%         4
 Leda's Liquefaction      Hex/Erth       0%         N/A       100%        4
 Olgreb's Toxic Radiance  Pois           1%         N/A       100%        4


Dungeon Overview and Level Annotations

Branches:
Dungeon (10/15)            Temple (0/1) D:7            Lair (2/5) D:8
  Swamp: Lair:2-3    Shoals: Lair:2-3     Snake: Lair:2-3    Spider: Lair:2-3
    Orc: D:9-12

Altars:
Cheibriados
Kikubaaqudgha
Makhleb
Nemelex Xobeh
Trog
Uskayaw
Vehumet
Xom
Zin

Shops:
D:4 (   D:5 *   D:7 (*   D:9 ??


Innate Abilities, Weirdness & Mutations

You are immune to sickness and miasma.
Your stone body is resilient. (AC +8)
You are immune to poison.
You resist negative energy. (rN+)
You are resistant to electric shocks. (rElec)
You are resistant to unholy torment.
You are immune to petrification.


Message History

You climb upwards.
The water moccasin bites you but does no damage.
You block the cane toad's attack. You block the water moccasin's attack.
The cane toad stings you.
* * * LOW HITPOINT WARNING * * *
There is a stone staircase leading down here.
Unknown command.
You feel much better. You block the water moccasin's attack.
The cane toad stings you!
The cane toad stings you but does no damage.
You block the skyshark's attack.
The skyshark tail-slaps you but does no damage. x2
The water moccasin bites you.
* * * LOW HITPOINT WARNING * * *
The air fills with toxic fumes!
As you read the scroll labelled JUZEHE FYOS, it crumbles to dust.
It was a scroll of poison.
The cane toad is no longer more vulnerable to fire.
You block the cane toad's attack.
The cane toad stings you but does no damage.
You block the water moccasin's attack. The skyshark barely misses you.
The skyshark tail-slaps you but does no damage.
The skyshark tail-slaps you.
* * * LOW HITPOINT WARNING * * *
You feel better. You block the cane toad's attack. x2
The water moccasin barely misses you. You block the cane toad's attack.
The skyshark bites you but does no damage.
The skyshark tail-slaps you but does no damage. x2
As you read the scroll labelled PAHANK JAYV, it crumbles to dust.
Magic quickly surges around you.
It was a scroll of vulnerability.
The water moccasin bites you but does no damage.
The cane toad stings you!
* * * LOW HITPOINT WARNING * * *
The cane toad barely misses you. You block the cane toad's attack.
The water moccasin bites you but does no damage.
The cane toad stings you.
* * * LOW HITPOINT WARNING * * *
The skyshark bites you but does no damage.
You block the skyshark's attack. The skyshark tail-slaps you.
You die...

.#.#####
#.....F...## ..#
#### ######S+#.#
## ### ##...###
..## ##..### ..P#
###§§## #.#####
##§#P§####
......###§§§§§.§§#
.........§§§§§§lF+
......#..§§§§§§S@#
......#..§§§§§§FF#
.#.####.+§§§§§§§§#
#### ###§§§§§§§§#
#####P#### ###


You could see a skyshark (weak-willed, combustible), 3 cane toads and a water
moccasin (weak-willed).

Vanquished Creatures
  3 two-headed ogres
  Pikel (D:7)
  2 cane toads
  Psyche (D:8)
  A yaktaur (D:10)
  A komodo dragon (D:8)
  A kobold demonologist (D:9)
  Grinder (D:3)
  2 trolls (D:10)
  A hornet (D:8)
  2 wraiths
  A vampire (D:7)
  4 yaks
  3 steam dragons
  3 water moccasins (D:8)
  6 black bears
  2 orc warriors
  2 ice beasts (D:6)
  4 sky beasts
  2 centaurs (D:6)
  3 kobold brigands
  6 bullfrogs
  A scorpion (D:8)
  16 wights
  8 killer bees
  4 hounds
  A jelly (D:4)
  5 orc priests
  A sleepcap (D:5)
  Terence (D:3)
  2 iguanas
  7 orc wizards
  4 adders
  3 gnolls
  A shadow imp (D:7)
  2 white imps
  An ufetubus (D:6)
  A worm (D:2)
  A dart slug (D:2)
  22 orcs
  8 ball pythons
  9 endoplasms
  3 giant cockroaches
  3 goblins (D:2)
  8 hobgoblins
  9 jackals
  5 quokkas
  6 bats
  7 frilled lizards
  39 kobolds
  4 rats
234 creatures vanquished.

Vanquished Creatures (others)
  An ufetubus (D:5)
  20 foxfires (D:3)
  16 fungi
  31 plants
  3 toadstools (D:6)
71 creatures vanquished.

Grand Total: 305 creatures vanquished

Notes
Turn   | Place    | Note
-------+----------+-------------------------------------------
     0 | D:1      | Arzdou the Gargoyle Cinder Acolyte began the quest for the
                  | Orb.
     0 | D:1      | Reached XP level 1. HP: 14/14 MP: 2/2
   383 | D:1      | Reached XP level 2. HP: 19/19 MP: 3/3
   386 | D:1      | Learned a level 2 spell: Scorch
  1048 | D:2      | Reached XP level 3. HP: 12/23 MP: 2/4
  1076 | D:2      | Reached skill level 4 in Maces & Flails
  1701 | D:2      | Reached XP level 4. HP: 23/28 MP: 0/5
  1969 | D:3      | Noticed Grinder
  1974 | D:3      | Killed Grinder
  1975 | D:3      | Reached skill level 6 in Maces & Flails
  1975 | D:3      | Reached XP level 5. HP: 32/32 MP: 6/6
  1975 | D:3      | Reached XP level 6. HP: 37/37 MP: 7/7
  2127 | D:3      | Found a snail-covered altar of Cheibriados.
  2312 | D:3      | Found a glowing silver altar of Zin.
  2312 | D:3      | Noticed Terence
  2317 | D:3      | Killed Terence
  2318 | D:3      | Reached skill level 7 in Maces & Flails
  3247 | D:4      | Found a burning altar of Makhleb.
  3256 | D:4      | Identified the +0 plate armour "Qufolor" {rElec Str+4}
  3266 | D:4      | Reached XP level 7. HP: 21/41 MP: 4/8
  3541 | D:4      | Found Apheung's Firing Range.
  3663 | D:4      | Reached skill level 8 in Maces & Flails
  3820 | D:5      | Entered Level 5 of the Dungeon
  4007 | D:5      | Found Heshren's Humungous Hoard.
  4020 | D:5      | Reached skill level 9 in Maces & Flails
  4041 | D:5      | Bought a +1 helmet for 126 gold pieces
  4094 | D:5      | Found a radiant altar of Vehumet.
  4203 | D:5      | Reached XP level 8. HP: 39/46 MP: 2/9
  4549 | D:5      | Found an ancient bone altar of Kikubaaqudgha.
  4704 | D:5      | Found a hide-covered altar of Uskayaw.
  4916 | D:6      | Noticed a yak
  4927 | D:6      | Noticed a yak
  4927 | D:6      | Noticed a yak
  4949 | D:5      | Killed a yak
  4972 | D:5      | Killed a yak
  4973 | D:5      | Reached skill level 5 in Fire Magic
  5105 | D:6      | Killed a yak
  5106 | D:6      | Reached skill level 10 in Maces & Flails
  5262 | D:6      | Reached XP level 9. HP: 51/51 MP: 4/10
  5386 | D:6      | Reached skill level 5 in Armour
  5491 | D:6      | Identified the staff of cold "Erapn" {rPois rF- rC+ Will+
                  | Dex+6}
  5956 | D:7      | Identified the +2 whip "Lacertilian's Funeral" {speed,
                  | Int+5}
  6365 | D:7      | Reached XP level 10. HP: 57/58 MP: 4/11
  6409 | D:7      | Reached skill level 5 in Fighting
  6477 | D:7      | Noticed Pikel
  6496 | D:7      | Killed Pikel
  6603 | D:7      | Found Wosk's Assorted Antiques.
  6656 | D:7      | Found a staircase to the Ecumenical Temple.
  6818 | D:7      | Found Morchai's Antique Weapon Boutique.
  6821 | D:7      | Bought a polished spear for 208 gold pieces
  6821 | D:7      | Identified the +3 spear of Tomorrow {freeze, rElec rCorr
                  | Str+3} (You bought it in a shop on level 7 of the Dungeon)
  6935 | D:8      | Noticed Psyche
  6974 | D:8      | Killed Psyche
  6975 | D:8      | Reached skill level 10 in Armour
  7168 | D:8      | Found a staircase to the Lair.
  7381 | D:8      | Found a bloodstained altar of Trog.
  7588 | D:8      | Noticed a two-headed ogre
  7597 | D:8      | Killed a two-headed ogre
  7598 | D:8      | Reached skill level 10 in Fighting
  7837 | D:9      | Reached skill level 1 in Shields
  7899 | D:9      | Reached XP level 11. HP: 63/72 MP: 12/12
  8650 | D:9      | Found Jephuem's Magic Scroll Boutique.
  8653 | D:9      | Bought a scroll of identify for 34 gold pieces
  8653 | D:9      | Bought a scroll of magic mapping for 127 gold pieces
  8653 | D:9      | Bought 2 scrolls of identify for 68 gold pieces
  8653 | D:9      | Bought a scroll of identify for 34 gold pieces
  8821 | D:9      | Found Kimiogg's Magic Scroll Shop.
  9133 | D:10     | Entered Level 10 of the Dungeon
  9140 | D:10     | Noticed a two-headed ogre
  9157 | D:10     | Killed a two-headed ogre
  9279 | D:10     | Noticed a two-headed ogre
  9286 | D:10     | Killed a two-headed ogre
  9414 | D:10     | Reached skill level 11 in Maces & Flails
  9454 | D:10     | Reached skill level 5 in Shields
  9481 | D:10     | Found a sparkling altar of Nemelex Xobeh.
  9997 | D:10     | Found a shimmering altar of Xom.
 10182 | Lair:1   | Entered Level 1 of the Lair of Beasts
 10343 | Lair:2   | HP: 3/72 [cane toad (14)]
 10360 | Lair:2   | Noticed a skyshark
 10371 | Lair:1   | HP: 1/72 [cane toad (4)]
 10375 | Lair:1   | Slain by a skyshark

Illustrated notes

Levels and vault maps discovered:
D:1:      wander_arrival_lonely_grave, layout_basic
D:2:      layout_rooms, serial_aquarium, aquarium_bridge_square
          [aquarium_subvault_balcony, aquarium_subvault_wall,
          aquarium_subvault_wall, aquarium_subvault_bridge],
          aquarium_bridge_straight [aquarium_subvault_bridge,
          aquarium_subvault_wall, aquarium_subvault_bridge,
          aquarium_subvault_wall], aquarium_window_corridor_2,
          aquarium_window_fake, aquarium_window_1, aquarium_window_fake,
          aquarium_view_2b, aquarium_pool_2
D:3:      minmay_door_path, layout_basic, zin_scriptorium, lemuel_crystal_altar,
          kennysheep_cross_room, uniq_grinder, uniq_terence
D:4:      layout_rooms, old_standard_altar, chequers_mini_garden,
          grunt_ministairs_3, nicolae_shop_firing_range
D:5:      kennysheep_kobold_camp, layout_basic, nicolae_overflow_crystal_walls,
          mainiacjoe_overflow_surrounded_room, nicolae_uskayaw_suspiria,
          nicolae_alphabet_shops
D:6:      layout_loops_ring, serial_bayou_pond_b, minivault_11,
          minmay_gold_behind_fungi, minmay_manual_mares
D:7:      layout_loops_ring, minmay_temple_entry_poolview, serial_shops,
          nicolae_shop_tiny_glass, kennysheep_mini_moat, uniq_pikel
D:8:      layout_basic, lemuel_coloured_pillars_altar,
          due_lair_maze_entry_diamond, nicolae_wwwww, uniq_psyche
D:9:      layout_gridville, serial_shops, shop, nicolae_shop_behind_doors
D:10:     layout_gridville, overflow_temple_1_default, amcnicky_altar_gilded
Lair:1:   layout_roguey [special_room_bee], gammafunk_lair_bear_cave
Lair:2:   layout_long_grid, nicolae_shoals_entry_roost

Skill      XL: |  1  2  3  4  5  6  7  8  9 10 11 |
---------------+----------------------------------+-----
Maces & Flails | 4 6 7 9 10 11 | 11.3
Fire Magic     | 5 |  5.3
Armour         | 4 9 10 | 10.0
Fighting       | 4 10 | 10.0
Shields        | 1 5 |  5.9
Spellcasting   | |  1.2

Action                     |  1- 3 |  4- 6 |  7- 9 | 10-12 || total
---------------------------+-------+-------+-------+-------++-------
  Melee: Mace              |   116 |    80 |   195 |       ||   391
         Punch             |     1 |       |     2 |     4 ||     7
         Whip              |       |       |    12 |   500 ||   512
   Cast: Scorch            |    18 |    20 |   107 |   126 ||   271
 Invoke: Fiery Armour      |       |     1 |     1 |       ||     2
         Foxfire Swarm     |       |     1 |       |       ||     1
  Evoke: Wand              |       |       |       |     2 ||     2
    Use: Scroll            |       |     3 |       |    14 ||    17
         Potion            |       |       |     2 |     4 ||     6
   Stab: Invisible         |       |       |     3 |       ||     3
 Armour: Leather armour    |    66 |    46 |    60 |       ||   172
         Steam dragon scal |       |       |    48 |   232 ||   280
  Dodge: Dodged            |    93 |    56 |   118 |   198 ||   465
  Block: Tower shield      |       |       |       |    45 ||    45
